 Dungeon Crawl Stone Soup version 0.27.0-1-g7a089689b8 (webtiles) character file.

Game seed: 15613517009525676499

181 garrulousMonolith the Digger (level 5, 0/37 HPs)
             Began as a Gnoll Earth Elementalist on Aug 2, 2021.
             Killed from afar by an orc wizard (7 damage)
             ... with a magic dart
             ... on level 3 of the Dungeon.
             The game lasted 00:05:00 (2739 turns).

garrulousMonolith the Digger (GnEE)                 Turns: 2739, Time: 00:05:01

Health: 0/37       AC:  4    Str:  7    XL:     5   Next: 61%
Magic:  11/12      EV: 17    Int: 15    God:
Gold:   156        SH:  0    Dex: 13    Spells: 8/14 levels left

rFire    + . .     SeeInvis .   b - +0 dagger (venom)
rCold    + . .     Faith    .   (no shield)
rNeg     . . .     Spirit   .   d - +0 leather armour
rPois    +         Reflect  .   (no helmet)
rElec    +         Harm     .   (no cloak)
rCorr    +         Rampage  .   m - +0 pair of gloves
Will     .....                  (no boots)
Stlth    +.........             (no amulet)
HPRegen  0.12/turn              p - +4 ring of evasion
MPRegen  0.13/turn              (no ring)

@: confused, resistant, hasted, very quick
A: fangs 1, strong nose, distributed training, large bone plates 1, poison
resistance
a: no special abilities


You were on level 3 of the Dungeon.
You visited 1 branch of the dungeon, and saw 3 of its levels.

You collected 156 gold pieces.

Inventory:

Hand Weapons
 b - a +0 dagger of venom (weapon)
Missiles
 c - 35 stones
Armour
 d - a +0 leather armour (worn)
 m - a +0 pair of gloves (worn)
Magical Staves
 a - a staff of earth
Jewellery
 p - a +4 ring of evasion (left hand)
Wands
 n - a wand of acid (3)
Scrolls
 f - a scroll of brand weapon {unknown}
 i - 3 scrolls of identify {unknown}
 k - a scroll of fog {unknown}
 l - a scroll of amnesia {unknown}
Potions
 g - a potion of mutation
 h - a potion of might {unknown}
 j - a potion of cancellation {unknown}
 o - a potion of curing {unknown}
 q - a potion of attraction {unknown}


   Skills:
 + Level 1.5 Fighting
 + Level 1.5 Short Blades
 + Level 1.5 Long Blades
 + Level 1.5 Axes
 + Level 1.5 Maces & Flails
 + Level 1.5 Polearms
 + Level 1.5 Staves
 + Level 1.5 Slings
 + Level 1.5 Bows
 + Level 1.5 Crossbows
 + Level 1.5 Throwing
 + Level 1.5 Armour
 + Level 4.8 Dodging
 + Level 4.4 Stealth
 + Level 1.5 Shields
 + Level 1.5 Unarmed Combat
 + Level 5.2 Spellcasting
 + Level 1.2 Conjurations
 + Level 1.2 Hexes
 + Level 1.2 Summonings
 + Level 1.2 Necromancy
 + Level 1.2 Translocations
 + Level 2.4 Transmutations
 + Level 1.2 Fire Magic
 + Level 1.2 Ice Magic
 + Level 1.2 Air Magic
 + Level 5.5 Earth Magic
 + Level 1.2 Poison Magic
 + Level 1.7 Invocations
 + Level 1.5 Evocations


You had 8 spell levels left.
You knew the following spells:

 Your Spells              Type           Power      Damage    Failure   Level
a - Sandblast             Erth           40%        2d10      2%          1
b - Stone Arrow           Conj/Erth      28%        3d8       17%         3
c - Passwall              Tmut/Erth      12%        N/A       7%          2

Your spell library contained the following spells:

 Spells                   Type           Power      Damage    Failure   Level
 Slow                     Hex            7%         N/A       22%         2
 Confusing Touch          Hex            7%         N/A       38%         3
 Gell's Gravitas          Tloc           3%         N/A       38%         3
 Lesser Beckoning         Tloc           3%         N/A       38%         3
 Teleport Other           Tloc           7%         N/A       38%         3
 Vampiric Draining        Necr           3%         2d6       38%         3
 Petrify                  Tmut/Erth      15%        N/A       41%         4


Dungeon Overview and Level Annotations

Branches:
Dungeon (3/15)

Altars:
Kikubaaqudgha


Innate Abilities, Weirdness & Mutations

You have very sharp teeth.
Your uncanny sense of smell can sniff out nearby items.
Your experience applies equally to all skills.
You are partially covered in large bone plates. (SH +4)
Your system is resistant to poisons. (rPois)


Message History

a +0 hand axe of flaming; an orc corpse You completely miss the kobold.
Something closely misses you. The kobold misses you.
Something hits you but does no damage. Something hits you but does no damage.
Your +0 dagger of venom begins to drip with poison!
b - a +0 dagger of venom (weapon)
The kobold hits you with a +0 dagger.
You hit something but do no damage. Something hits you.
The kobold barely misses you.
You barely miss something. Something hits you.
You miss something. The kobold barely misses you. Something hits you.
You hit something but do no damage. The kobold hits you but does no damage.
Something hits you.
It was a potion of mutation.
You feel extremely strange.
Large bone plates grow over parts of your arms.
You feel resistant to poisons. The kobold barely misses you.
You hear some strange, mumbled words.
You are confused.
You miss something. The kobold hits you but does no damage.
Something closely misses you.
You're too confused to move!
The kobold hits you with a +0 dagger. Something hits you.
* * * LOW HITPOINT WARNING * * *
It was a potion of resistance.
You feel protected. The kobold hits you but does no damage.
You hear some strange, mumbled words.
You are more confused.
You're too confused to move!
The kobold misses you. Something barely misses you.
You miss something. The kobold closely misses you.
You closely miss something. Something barely misses you.
The kobold hits you with a +0 dagger.
* * * LOW HITPOINT WARNING * * *
It was a potion of haste.
You feel yourself speed up.
You hear some strange, mumbled words.
A magic dart appears from out of thin air!
The magic dart hits you!
You die...

#.## #....# ...#### ##.##.#
#.....### #..##.# ## #.#
#...# #.###.. ..
#.###...###.####.
#####.#####................
#.o...).....###...########.
#....######K###<..# ######.
#.. #...@{..)...# #...... #
#........#### #......
#........# #..####
#........# #..#$(?
########## #..#!$? #..#)$?
#..#### #...... #......


You could see a kobold.

Vanquished Creatures
  An orc priest (D:3)
  An iguana (D:3)
  Jessica (D:3)
  4 adders (D:2)
  A worm (D:3)
  2 dart slugs
  2 orcs (D:3)
  3 bats
  4 endoplasms
  A giant cockroach (D:2)
  5 goblins
  8 hobgoblins
  3 jackals (D:1)
  2 quokkas
  2 frilled lizards (D:2)
  6 kobolds
  7 rats
53 creatures vanquished.

Notes
Turn   | Place    | Note
-------+----------+-------------------------------------------
     0 | D:1      | garrulousMonolith the Gnoll Earth Elementalist began the
                  | quest for the Orb.
     0 | D:1      | Reached XP level 1. HP: 13/13 MP: 6/6
   175 | D:1      | Reached XP level 2. HP: 18/19 MP: 5/7
   499 | D:1      | Learned a level 2 spell: Passwall
   985 | D:2      | Reached XP level 3. HP: 25/25 MP: 7/9
   989 | D:2      | Learned a level 3 spell: Stone Arrow
  1045 | D:2      | Reached skill level 5 in Spellcasting
  1122 | D:2      | Reached skill level 1 in Invocations
  1277 | D:2      | Reached skill level 1 in Fighting
  1277 | D:2      | Reached skill level 1 in Short Blades
  1277 | D:2      | Reached skill level 1 in Long Blades
  1277 | D:2      | Reached skill level 1 in Axes
  1277 | D:2      | Reached skill level 1 in Maces & Flails
  1277 | D:2      | Reached skill level 1 in Polearms
  1277 | D:2      | Reached skill level 1 in Staves
  1277 | D:2      | Reached skill level 1 in Slings
  1277 | D:2      | Reached skill level 1 in Bows
  1277 | D:2      | Reached skill level 1 in Crossbows
  1277 | D:2      | Reached skill level 1 in Throwing
  1277 | D:2      | Reached skill level 1 in Armour
  1277 | D:2      | Reached skill level 1 in Shields
  1277 | D:2      | Reached skill level 1 in Unarmed Combat
  1277 | D:2      | Reached skill level 1 in Evocations
  1322 | D:2      | Reached XP level 4. HP: 13/32 MP: 9/11
  1609 | D:2      | Found a faded altar of an unknown god.
  2111 | D:3      | Reached skill level 1 in Conjurations
  2111 | D:3      | Reached skill level 1 in Hexes
  2111 | D:3      | Reached skill level 1 in Summonings
  2111 | D:3      | Reached skill level 1 in Necromancy
  2111 | D:3      | Reached skill level 1 in Translocations
  2111 | D:3      | Reached skill level 1 in Fire Magic
  2111 | D:3      | Reached skill level 1 in Ice Magic
  2111 | D:3      | Reached skill level 1 in Air Magic
  2111 | D:3      | Reached skill level 1 in Poison Magic
  2352 | D:3      | Noticed Jessica
  2354 | D:3      | Found an ancient bone altar of Kikubaaqudgha.
  2366 | D:3      | Killed Jessica
  2367 | D:3      | Reached XP level 5. HP: 15/37 MP: 12/12
  2732 | D:3      | Gained mutation: You are partially covered in large bone
                  | plates. (SH +4) [potion of mutation]
  2732 | D:3      | Gained mutation: Your system is resistant to poisons.
                  | (rPois) [potion of mutation]
  2739 | D:3      | Killed from afar by an orc wizard

Illustrated notes

Levels and vault maps discovered:
D:1:      scummos_arrival_checkerplants, layout_loops_ring, minmay_fountain_box,
          minmay_misc_feat_alley
D:2:      layout_loops_ring, ebering_ecumenical_altar_sacrificial,
          minmay_between
D:3:      layout_rooms, general_overflow_altar, tso_metal_star, corner_web_ring,
          due_unseen_surprise, uniq_jessica

Skill      XL: |  1  2  3  4 |
---------------+-------------+-----
Transmutations | 2 |  2.4
Spellcasting   | 5 |  5.2
Invocations    | 1 |  1.7
Fighting       | 1 |  1.5
Short Blades   | 1 |  1.5
Long Blades    | 1 |  1.5
Axes           | 1 |  1.5
Maces & Flails | 1 |  1.5
Polearms       | 1 |  1.5
Staves         | 1 |  1.5
Slings         | 1 |  1.5
Bows           | 1 |  1.5
Crossbows      | 1 |  1.5
Throwing       | 1 |  1.5
Armour         | 1 |  1.5
Shields        | 1 |  1.5
Unarmed Combat | 1 |  1.5
Evocations     | 1 |  1.5
Conjurations   | 1 |  1.2
Hexes          | 1 |  1.2
Summonings     | 1 |  1.2
Necromancy     | 1 |  1.2
Translocations | 1 |  1.2
Fire Magic     | 1 |  1.2
Ice Magic      | 1 |  1.2
Air Magic      | 1 |  1.2
Poison Magic   | 1 |  1.2
Dodging        | |  4.8
Stealth        | |  4.4
Earth Magic    | |  5.5

Action                   |  1- 3 |  4- 6 || total
-------------------------+-------+-------++-------
Melee: Staff             |    18 |    81 ||    99
       Bite              |       |     5 ||     5
       Punch             |       |     2 ||     2
       Dagger            |       |     7 ||     7
 Cast: Sandblast         |    40 |    13 ||    53
  Use: Potion            |       |     3 ||     3
 Stab: Sleeping          |     2 |     1 ||     3
Armor: Leather armour    |     5 |    20 ||    25
Dodge: Dodged            |    20 |    64 ||    84
